 Dungeon Crawl Stone Soup version 0.21.1-1-g345015f (webtiles) character file.

1819 Supreme the Destroyer (level 8, -4/41 HPs)
             Began as a Deep Elf Conjurer on Apr 11, 2018.
             Was a Follower of Vehumet.
             Slain by a killer bee (5 damage)
             ... on level 7 of the Dungeon.
             The game lasted 01:21:38 (5804 turns).

Supreme the Destroyer (Deep Elf Conjurer)           Turns: 5804, Time: 01:21:39

Health: -4/41      AC:  4    Str:  5    XL:     8   Next: 85%
Magic:  11/22      EV: 14    Int: 23    God:    Vehumet [*.....]
Gold:   122        SH:  0    Dex: 15    Spells: 9/24 levels left

rFire    . . .     SeeInvis .   e - -3 dagger (curse)
rCold    . . .     Gourm    .   (no shield)
rNeg     . . .     Faith    .   K - +0 robe
rPois    +         Spirit   .   (no helmet)
rElec    .         Reflect  .   m - +0 cloak
rCorr    .         Harm     .   b - +0 pair of gloves
MR       .....                  (no boots)
Stlth    ++........             A - amulet of magic regeneration
HPRegen  0.13/turn              n - ring of poison resistance
MPRegen  0.43/turn              (no ring)

@: lethally poisoned (-4 -> -16), very slightly contaminated
A: no striking features
a: Renounce Religion


You were on level 7 of the Dungeon.
You worshipped Vehumet.
Vehumet was aware of your devotion.
You were not hungry.

You visited 2 branches of the dungeon, and saw 9 of its levels.
You also visited: Ossuary.

You collected 322 gold pieces.
You spent 200 gold pieces at shops.

Inventory:

Hand Weapons
 e - a cursed -3 dagger (weapon)
 P - a +0 rapier
Missiles
 g - 14 poisoned needles
 r - 3 throwing nets (quivered)
Armour
 b - a +0 pair of gloves (worn)
 f - a +0 robe
 m - a +0 cloak (worn)
 K - a +0 robe (worn)
Jewellery
 n - a ring of poison resistance (left hand)
 A - an amulet of magic regeneration (around neck)
Wands
 D - a wand of polymorph (7)
Scrolls
 a - a scroll of enchant armour
 h - 6 scrolls of teleportation
 u - a scroll of immolation
 v - a scroll of remove curse
 L - 2 scrolls of blinking
 T - a scroll of magic mapping
Potions
 i - a potion of cancellation
 j - a potion of flight
 q - 2 potions of curing
 w - 2 potions of haste
Comestibles
 c - 10 rations
 d - 8 chunks of flesh


   Skills:
 + Level 0.1 Fighting
 - Level 0.1 Short Blades
 + Level 4.5 Dodging
 - Level 2.4 Stealth
 + Level 8.7 Spellcasting
 + Level 10.4 Conjurations
 + Level 1.8 Hexes
 + Level 1.3 Necromancy


You had 9 spell levels left.
You knew the following spells:

 Your Spells              Type           Power        Failure   Level  Hunger
a - Magic Dart            Conj           ####         1%          1    None
b - Searing Ray           Conj           ######       1%          2    None
c - Dazzling Spray        Conj/Hex       #####.       1%          3    None
d - Iskenderun's Mystic   Conj           ######..     1%          4    ##.....
e - Fulminant Prism       Conj/Hex       #####.....   4%          4    ##.....
f - Animate Skeleton      Necr           N/A          3%          1    None


Dungeon Overview and Level Annotations

Branches:
Dungeon (8/15)             Temple (1/1) D:5
   Lair: D:8-11

Altars:
Ashenzari
Cheibriados
Dithmenos
Elyvilon
Fedhas
Gozag
Hepliaklqana
Kikubaaqudgha
Makhleb
Nemelex Xobeh
Okawaru
Qazlal
Ru
Sif Muna
Trog
Vehumet
Wu Jian
Xom
Zin
The Shining One

Shops:
D:4 :


Message History

The killer bee is almost dead.
The killer bee is dazzled.
The killer bee stings you.
* * * LOW HITPOINT WARNING * * *
You are poisoned.
The killer bee poisons you! The killer bee closely misses you.
You found a shaft!
You feel sick. The killer bee misses you.
You feel sick. The killer bee closely misses you.
The killer bee barely misses you.
The killer bee is sucked into a shaft!
The shaft crumbles and collapses.
Found a robe.
You feel sick. The killer bee closely misses you. The killer bee stings you.
* * * LOW HITPOINT WARNING * * *
You are more poisoned.
The killer bee poisons you!
There is a stone staircase leading down here.
You can't go up here!
* * * LOW HITPOINT WARNING * * *
You feel sick.
The killer bee is no longer blind.
The killer bee stings you.
You die...

######### #....@..#
#.....y.### ########
#.........#####.......
#..........†......<...
#.......###.).........
#.......# ##......####
#######.. ##...#.#
##[. #...#.# #.
#...#.####


You could see a killer bee.

Vanquished Creatures
  A hornet (D:7)
  A hippogriff (D:7)
  A sky beast (D:6)
  2 centaurs
  3 bullfrogs
  A scorpion (D:5)
  2 howler monkeys (D:7)
  A crimson imp (D:3)
  A bullfrog zombie (D:5)
  A jelly (D:5)
  2 orc wizards
  A hound (D:6)
  A bullfrog skeleton (D:5)
  An orc priest (D:3)
  An iguana (D:5)
  9 worker ants
  3 big kobold zombies (Ossuary)
  A mummy (Ossuary)
  13 adders
  2 oozes
  2 adder skeletons
  2 worms
  A dart slug (D:4)
  5 leopard geckos
  12 orcs
  8 spectral bats (Ossuary)
  7 giant cockroaches
  9 goblins
  12 hobgoblins
  4 jackals
  6 kobolds
  3 quokkas
  3 ball pythons
  6 bats
  3 bat simulacra (Ossuary)
  4 frilled lizards
  6 gnoll zombies (Ossuary)
  3 goblin simulacra (Ossuary)
  7 goblin zombies (Ossuary)
  3 hobgoblin zombies (Ossuary)
  2 jackal skeletons
  2 kobold simulacra (Ossuary)
  5 kobold zombies (Ossuary)
  A leopard gecko skeleton (D:4)
  2 orc zombies (Ossuary)
  9 rats
  3 rat simulacra (Ossuary)
  2 spectral kobolds (Ossuary)
  A spectral rat (Ossuary)
181 creatures vanquished.

Vanquished Creatures (collateral kills)
  An ice beast (D:6)
  An iguana (D:7)
  A shadow imp (D:7)
  2 orcs (D:7)
  A quokka (D:5)
6 creatures vanquished.

Vanquished Creatures (others)
  A big kobold zombie (Ossuary)
  A spectral bat (Ossuary)
  2 gnoll zombies (Ossuary)
  A kobold zombie (Ossuary)
  2 spectral kobolds (Ossuary)
  A spectral rat (Ossuary)
  6 fulminant prisms
14 creatures vanquished.

Grand Total: 201 creatures vanquished

Notes
Turn   | Place    | Note
-------+----------+-------------------------------------------
     0 | D:1      | Supreme the Deep Elf Conjurer began the quest for the Orb.
     0 | D:1      | Reached XP level 1. HP: 10/10 MP: 6/6
   113 | D:2      | Reached XP level 2. HP: 15/15 MP: 4/8
   149 | D:1      | Reached skill level 5 in Conjurations
   391 | D:1      | Reached XP level 3. HP: 14/19 MP: 3/9
  1292 | D:2      | Reached XP level 4. HP: 24/24 MP: 3/10
  1339 | D:2      | Found a shadowy altar of Dithmenos.
  1365 | D:3      | Reached skill level 6 in Conjurations
  1394 | D:2      | Found a shattered altar of Ashenzari.
  1678 | D:3      | Learned a level 2 spell: Searing Ray
  1682 | D:3      | Learned a level 3 spell: Dazzling Spray
  1900 | D:3      | Reached XP level 5. HP: 22/28 MP: 8/12
  1906 | D:3      | Learned a level 4 spell: Iskenderun's Mystic Blast
  2198 | D:4      | Found a white marble altar of Elyvilon.
  2427 | D:4      | Reached skill level 7 in Conjurations
  2498 | D:4      | Found Gypo's Book Shoppe.
  2623 | D:5      | Entered Level 5 of the Dungeon
  2680 | D:4      | Reached XP level 6. HP: 23/32 MP: 8/14
  2859 | D:5      | Reached skill level 5 in Spellcasting
  2859 | D:5      | Reached skill level 8 in Conjurations
  2896 | D:5      | Found a sand-covered staircase.
  2907 | Ossuary  | Entered an ossuary
  3360 | Ossuary  | Reached XP level 7. HP: 26/36 MP: 2/17
  3719 | D:5      | Got a warped war axe
  3837 | D:5      | Found a staircase to the Ecumenical Temple.
  3843 | Temple   | Entered the Ecumenical Temple
  3928 | Temple   | Became a worshipper of Vehumet
  4003 | Temple   | Identified the cursed +0 war axe of Beifaud {antimagic, Fragile rC++ Int+6} (You found it on level 5 of the Dungeon)
  4596 | D:4      | Found a deep blue altar of Sif Muna.
  4897 | D:4      | Bought a book of Cantrips for 200 gold pieces
  4939 | Temple   | Learned a level 4 spell: Fulminant Prism
  4941 | Temple   | Learned a level 1 spell: Animate Skeleton
  4974 | D:5      | Reached skill level 1 in Hexes
  5503 | D:6      | Reached skill level 9 in Conjurations
  5506 | D:6      | Reached XP level 8. HP: 39/41 MP: 13/20
  5571 | D:7      | Noticed a hippogriff
  5622 | D:7      | Noticed a hornet
  5626 | D:7      | Paralysed by a hornet for 3 turns
  5634 | D:7      | Killed a hornet
  5634 | D:7      | Reached skill level 10 in Conjurations
  5718 | D:7      | Reached skill level 1 in Necromancy
  5760 | D:7      | Reached * piety under Vehumet
  5760 | D:7      | Offered knowledge of Sting by Vehumet.
  5795 | D:7      | Killed a hippogriff
  5803 | D:7      | HP: 2/41 [killer bee (4)]
  5804 | D:7      | Slain by a killer bee

Skill      XL: |  1  2  3  4  5  6  7  8 |
---------------+-------------------------+-----
Conjurations   | 5 6 7 8 9 10 | 10.4
Spellcasting   | 4 5 6 8 |  8.7
Dodging        | 3 4 |  4.5
Hexes          | 1 |  1.8
Necromancy     | 1 |  1.3
Fighting       | |  0.1
Short Blades   | |  0.1
Stealth        | |  2.4

Action                   |  1- 3 |  4- 6 |  7- 9 || total
-------------------------+-------+-------+-------++-------
Melee: Short sword       |     1 |       |       ||     1
       Dagger            |     3 |       |       ||     3
       Rapier            |       |    12 |    12 ||    24
 Cast: Magic Dart        |    81 |   195 |    94 ||   370
       Iskenderun's Myst |       |     6 |    12 ||    18
       Dazzling Spray    |       |     4 |     7 ||    11
       Searing Ray       |       |       |     9 ||     9
       Fulminant Prism   |       |       |     6 ||     6
       Animate Skeleton  |       |       |     5 ||     5
  Use: Scroll            |       |    15 |     6 ||    21
       Potion            |       |       |     3 ||     3
 Stab: Held in net/web   |       |     2 |       ||     2
       Sleeping          |       |       |     1 ||     1
  Eat: Chunk             |     1 |     6 |     7 ||    14
       Ration            |       |       |     1 ||     1
Armor: Robe              |     5 |     3 |    12 ||    20
Dodge: Dodged            |    14 |    30 |    81 ||   125
